cohdb
Replays
Latest Replays
All Replays
Popular Replays
Top Player Replays
Match Explorer
How It Works
Community
CoH3 Stats
Reddit
Sign in to upload your games and track your stats! →
Sign in with Steam
Match 44768509
Unlisted
Match 44768509
Overview
Messages
Build Orders
End
Construct Barracks
Engineer Squad
1⁄4-ton 4x4 Truck
Riflemen Squad
Grenade Package
Riflemen Squad
Construct Weapon Support Center
Mechanized Support Center
Bazooka Squad
M3 Armored Personnel Carrier
M1919 Machine Gun Team
M3 Armored Personnel Carrier
M3 Armored Personnel Carrier
Improvised Armor
Selects Heavy Weapons
Selects Assault Carriers
Selects Halftrack Strongpoints
Bazooka Squad
Construct Medical Station
Improved M9 Bazooka Rockets
M1918 Browning Automatic Rifles
Selects M2HB .50cal Heavy Machine Gun
Selects Gallant Stand
Selects Black Dragon Artillery Barrage
matrix4x4
Guden
Moonmu
Pootispenser
nq8054
MillionBones
Zoe
ShiningRay
0
0
Comments
sign in to comment!
No comments posted yet!